Unix NetHack Version 3.7.0-53 Work-in-progress - last build Mar 29 2022 22:32:59 (a06c8d0fe304452ee261c5204adf4e5fd2f8e6cc,branch:master). Game began 2022-04-01 10:19:13, ended 2022-04-01 10:45:08. Rooks, neutral male gnomish Wizard --- --..-- --- -....| |.-- ------. --- -- ....| |... ......|---- --------|.-- .----- ...| |... ....|G?)| |...|...|..------ -......| ..| +..- ...|)@m| |...|...|.......-----..... ..| |..| -----..|.@.| |-|---|--..----........- -.-----..| |((.|..--f---+-.........-| ---....| |........| |((.+........."...-----..| |.>..| |........|---- |((.|......--+-...| ..|..| |....- --- |.----...|(((|+------..{...| |...-...|..| -.....| ..-- |.| +...|!((|.............| |...|...|..- ....... -.. |.| |...|...|-.......-.....-----------.|. ......... ---..- |)----...--^-|..|...|.|..................| -........... |....--------)..|........|..|.....|----....---------.| ............ |...........%%..|..#.....----.....|(%.-....|.....)| .| -........-..- ----.<-------...|-[...{........|..|%%.|....-...._.| .| --........ .- ---- |...--(.|....#.....-.------....|......| | ---....... . |.......|-.....................|------- ......| -- ----------------.--------......| -.|..-- --- ###..-. ----- Rooks the Conjurer St:8 Dx:14 Co:12 In:19 Wi:12 Ch:9 Neutral S:1633 Dlvl:6 $:29 HP:0(46) Pw:57(57) AC:-2 Xp:5/311 T:1777 Latest messages: You drop an uncursed lamp called oil. Oguhmk offers 5 gold pieces for your lamp called oil. Sell it? [ynaq] (n) t - an uncursed lamp called oil. What do you want to drop? [$a-gikln-rt-wzA-CEGJ-SU-Z or ?*] You drop a lamp (unpaid, 89 zorkmids). (For instructions type a '?') "For you, good sir; only 89 zorkmids for this lamp called magic." Q - a lamp called magic (unpaid, 89 zorkmids). The dungeon acoustics noticeably change. What do you want to drop? [$a-gikln-rt-wzA-CEGJ-SU-Z or ?*] You drop a lamp called magic (unpaid, 89 zorkmids). You see here a looking glass (for sale, 13 zorkmids). You hear crashing rock. The door opens. In what direction? The door resists! In what direction? The door resists! In what direction? The door resists! In what direction? The door resists! In what direction? The door resists! In what direction? The door resists! You hear crashing rock. In what direction? The door resists! In what direction? The door closes. You swap places with Wily. You swap places with Wily. "Hello, Rooks! Welcome to Manlobbi's general store!" You hear crashing rock. In what direction? The door resists! You find a giant mimic. The giant mimic misses! The giant mimic hits! You cannot escape from the giant mimic! The giant mimic hits! The giant mimic hits! You hit the giant mimic! The giant mimic misses! The giant mimic hits! You die... Manlobbi gratefully inherits all your possessions. Do you want to see what you had when you died? [ynq] (y) Do you want to see your attributes? [ynq] (y) Major events: Turn 1: Rooks the neutral male gnomish Wizard entered the dungeon 364: entered the Gnomish Mines 602: attained the rank of Conjurer (level 3) 1307: reached Mine Town 1415: destroyed MerlekII's ghost, the former Fighter 1777: killed by a giant mimic Inventory: Coins $ - 29 gold pieces Weapons M - 2 uncursed +0 daggers w - an uncursed +2 elven dagger (weapon in hand) Armor q - an uncursed +4 orcish helm named !c (being worn) z - a blessed +3 small shield (being worn) b - a blessed +2 cloak of magic resistance (being worn) Comestibles p - 2 uncursed cloves of garlic O - an uncursed cream pie r - 2 uncursed food rations E - an uncursed tripe ration Scrolls U - a cursed scroll of create monster o - an uncursed scroll of earth i - an uncursed scroll of genocide R - a cursed scroll of light a - a blessed scroll of remove curse k - a cursed scroll of stinking cloud Potions n - an uncursed potion of extra healing V - a cursed potion of hallucination g - 2 uncursed potions of monster detection f - 2 uncursed potions of sleeping N - an uncursed potion of water Rings d - an uncursed ring of polymorph e - an uncursed ring of warning Wands c - an uncursed wand of cold (0:6) J - a blessed wand of light (0:12) W - a cursed wand of make invisible named z1 (0:3) Y - an uncursed wand of striking named z1 (0:3) X - an uncursed wand of undead turning (0:6) Tools A - an uncursed blindfold t - an uncursed oil lamp v - an uncursed oil lamp Gems/Stones S - an uncursed agate stone Z - a cursed chrysoberyl stone l - an uncursed obsidian stone K - an uncursed topaz stone u - an uncursed worthless piece of black glass B - an uncursed worthless piece of orange glass L - an uncursed worthless piece of violet glass G - an uncursed worthless piece of white glass P - an uncursed worthless piece of yellow glass C - an uncursed worthless piece of yellowish brown glass Rooks the Wizard's attributes: Background: You were a Conjurer, a level 5 male gnomish Wizard. You were neutral, on a mission for Thoth who was opposed by Ptah (lawful) and Anhur (chaotic). You were in the Gnomish Mines, on level 6. You entered the dungeon 1777 turns ago. There was a new moon in effect when your adventure ended. You had 311 experience points, 9 more were needed to attain level 6. Your score was 1633 before end-of-game adjustments. Basics: You had 0 out of 46 hit points. You had all 57 energy points (spell power). Your armor class was -2. Your wallet contained 29 zorkmids. Autopickup was on for '$?!/%="*' plus thrown, with exceptions. Final Characteristics: Your strength was 8 (peak:11, limit:18/50). Your dexterity was 14 (limit:18). Your constitution was 12 (limit:18). Your intelligence was 19 (limit:19). Your wisdom was 12 (limit:18). Your charisma was 9 (limit:18). Final Status: You were held by a giant mimic (northeast). You were not hungry. You were unencumbered. You were wielding a dagger. You had basic skill with dagger. Final Attributes: You were devoutly aligned. You were magic-protected. You were poison resistant. You had infravision. You were warded. You are dead. Miscellaneous: You encountered 1 bones level. Total elapsed playing time was 25 minutes and 53 seconds. Vanquished creatures: a ghost a giant spider an imp a pony a shrieker a giant ant a floating eye a dwarf a homunculus 4 rothes a giant bat a dwarf zombie a werejackal an iguana 2 killer bees 2 coyotes 3 hobbits a large kobold 2 hobgoblins 4 cave spiders 6 gnomes 2 garter snakes a gecko 4 jackals 2 foxes 2 goblins 3 grid bugs 5 lichens 2 kobold zombies 6 newts 64 creatures vanquished. No species were genocided or became extinct. Voluntary challenges: You read items or engraved 6 times. You engraved Elbereth 2 times. You never genocided any monsters. You never polymorphed an object. You never changed form. You used no wishes. Achievements: You entered the Gnomish Mines. You attained the rank of Conjurer. You entered Minetown. You entered a shop. You entered a temple. The Dungeons of Doom: levels 1 to 3 Level 1: Level 2: Stairs down to The Gnomish Mines. Level 3: The Gnomish Mines: levels 3 to 8 Level 3: Level 4: Level 5: Level 6: <- You were here. Many shops, a temple, some fountains, a grave, some trees. Final resting place for you, killed by a giant mimic, MerlekII-Val-Hum-Fem-Law, poisoned by a killer bee. Level 7: Level 8: Game over: ---------- / \ / REST \ / IN \ / PEACE \ / \ | Rooks | | 29 Au | | killed by a | | giant mimic | | | | | | 2022 | *| * * * | * _________)/\\_//(\/(/\)/\//\/|_)_______ Goodbye Rooks the Wizard... You died in The Gnomish Mines on dungeon level 6 with 1631 points, and 29 pieces of gold, after 1777 moves. You were level 5 with a maximum of 46 hit points when you died.